 Dungeon Crawl Stone Soup version 0.31-a0-217-g58bb5d79cf (webtiles) character file.

Game seed: 13103119709691850451

7419 qw the Cleaver (level 11, -7/69 HPs)
             Began as a Gargoyle Fighter on July 2, 2023.
             Was an Elder of Okawaru.
             Mangled by a molten gargoyle
             ... wielding a +0 morningstar
              (9 damage)
             ... on level 9 of the Dungeon.
             The game lasted 00:04:40 (9814 turns).

qw the Cleaver (Gargoyle Fighter)                   Turns: 9814, Time: 00:04:40

Health: -7/69      AC: 28    Str: 28    XL:     11   Next: 15%
Magic:  13/15      EV: 11    Int:  8    God:    Okawaru [****..]
Gold:   145        SH:  6    Dex: 14    Spells: 10/10 levels left

rFire   . . .        Y - +4 war axe
rCold   . . .        c - +0 buckler
rNeg    + . .        p - +0 plate armour
rPois   inf          m - +1 helmet
rElec   +            (no cloak)
rCorr   .            (no gloves)
SInv    .            e - +1 pair of boots
Will    .....        (no amulet) Stlth
                     f - +6 ring of dexterity
HPRegen 0.31/turn    (no ring)
MPRegen 0.14/turn

%: no passive effects
@: about to teleport, heroic
A: sickness immunity, AC +8, negative energy resistance 1, electricity
resistance, torment resistance 1, petrification resistance, strong 1
a: Renounce Religion, Heroism, Finesse


You were on level 9 of the Dungeon.
You worshipped Okawaru.
Okawaru was greatly pleased with you.
You visited 2 branches of the dungeon, and saw 10 of its levels.

You collected 496 gold pieces.
You spent 351 gold pieces at shops.


Innate Abilities, Weirdness & Mutations

You are immune to sickness and miasma.
Your stone body is resilient. (AC +8)
You are immune to poison.
You resist negative energy. (rN+)
You are resistant to electric shocks. (rElec)
You are resistant to unholy torment.
You are immune to petrification.
Your muscles are strong. (Str +4, Int/Dex -1)


   Skills:
 + Level 8.8(13.8) Fighting
 - Level 11.0(16.0) Axes
 - Level 1.2(6.2) Throwing
 - Level 7.1(12.1) Armour
 - Level 2.4(7.4) Dodging
 - Level 5.2(10.2) Shields
 + Level 6.0 Invocations


You had 10 spell levels left.
You didn't know any spells.
Your spell library was empty.

Inventory:

Hand Weapons
 v - a +0 heavy morningstar
 Y - a +4 war axe (weapon)
Missiles
 q - 2 boomerangs (quivered)
Armour
 c - a +0 buckler (worn)
 e - a +1 pair of boots (worn)
 m - a +1 helmet (worn)
 p - a +0 plate armour (worn)
Jewellery
 f - a +6 ring of dexterity (left hand)
Wands
 s - a wand of digging (7)
Scrolls
 a - 3 scrolls of teleportation
 i - 2 scrolls of identify
Potions
 b - 2 potions of resistance
 d - 3 potions of might
 g - 2 potions of enlightenment
 h - a potion of haste
 l - a potion of lignification
 n - a potion of cancellation
 o - 6 potions of attraction
 t - 3 potions of mutation
 u - a potion of curing

Dungeon Overview and Level Annotations

Branches:
Dungeon (9/15)             Temple (1/1) D:4
   Lair: D:8-11         Orc: D:9-12

Altars:
Ashenzari
Cheibriados
Dithmenos
Elyvilon
Fedhas
Gozag
Hepliaklqana
Kikubaaqudgha
Makhleb
Nemelex Xobeh
Okawaru
Qazlal
Ru
Sif Muna
Trog
Uskayaw
Vehumet
Wu Jian
Xom
Yredelemnul
Zin
The Shining One

Shops:
D:2 [?   D:4 :   D:5 !   D:8 *

Annotations:
D:4 1 runed translucent door, Crazy Yiuf


Message History

The molten gargoyle hits you but does no damage.
You slash the molten gargoyle!
The molten gargoyle is heavily damaged.
The molten gargoyle blasts magma at you!
The bolt of magma hits you!
You slice the molten gargoyle!!
You destroy the molten gargoyle!
Okawaru accepts your kill.
Your Invocations skill increases to level 6!
You start resting.
A molten gargoyle is nearby!
You barely miss the molten gargoyle.
The molten gargoyle hits you with a +0 morningstar.
You are engulfed in flames!
9806 ||| INVOKING Heroism.
You gain the combat prowess of a mighty hero.
The molten gargoyle blasts magma at you!
The bolt of magma hits you!
You barely miss the molten gargoyle.
The molten gargoyle hits you but does no damage.
You hit the molten gargoyle but do no damage.
You closely miss the molten gargoyle. The molten gargoyle closely misses you.
You hit the molten gargoyle but do no damage.
The molten gargoyle hits you but does no damage.
You hit the molten gargoyle but do no damage.
The molten gargoyle hits you with a +0 morningstar!
You are engulfed in flames!
9812 ||| READING 4 scrolls of teleportation.
As you read the scroll of teleportation, it crumbles to dust.
You feel strangely unstable.
The molten gargoyle blasts magma at you!
The bolt of magma hits you!
You hit the molten gargoyle.
The molten gargoyle is lightly damaged.
You hit the molten gargoyle.
The molten gargoyle is moderately damaged.
The molten gargoyle hits you with a +0 morningstar.
You are engulfed in flames!
You die...

¤~9~.#)....'..# ## #.
¤¤¤¤~~.#....#### ... ..
~88¤~.#).9...... .... #.
~88¤~..#........ ..#.~
¤¤¤~~.#......... ..#.
¤¤¤~~..#........ # ####..
¤.~...#.#####... ##
#...#)#9#.#.#.# #... .##
#..#.#@#.#.#.# #9.. ..##
#......#..... #... ...##
#......#.... #... ....##
######'######## #... .##..#
#....#........######...
###..##
#....+................. ##..#
#.##'##..#..>..........
#..#####.#......###'##########
#........#......#........#


You could see a molten gargoyle.

Vanquished Creatures
  A two-headed ogre (D:7)
  Joseph (D:7)
  3 molten gargoyles (D:9)
  Maggie (D:7)
  A hornet (D:9)
  Prince Ribbit (D:7)
  8 yaks
  A wyvern (D:7)
  A steam dragon (D:8)
  Eustachio (D:6)
  Duvessa (D:5)
  2 orc warriors
  2 ice beasts
  2 black bears
  A centaur (D:8)
  2 phantoms (D:5)
  2 kobold brigands
  4 scorpions
  15 wights
  Dowan (D:5)
  8 killer bees
  2 howler monkeys
  5 hounds
  A gnoll bouda (D:5)
  2 jellies
  4 orc priests
  2 sleepcaps (D:6)
  2 iguanas
  5 orc wizards
  4 gnolls (D:5)
  7 adders
  4 worms
  4 dart slugs
  38 orcs
  7 endoplasms
  4 giant cockroaches
  11 goblins
  7 hobgoblins
  3 jackals (D:4)
  23 kobolds
  3 quokkas
  4 ball pythons
  8 bats
  8 rats
217 creatures vanquished.

Notes
Turn   | Place    | Note
-------+----------+-------------------------------------------
     0 | D:1      | qw the Gargoyle Fighter began the quest for the Orb.
     0 | D:1      | Reached XP level 1. HP: 14/14 MP: 1/1
     0 | D:1      | 0 ||| qw: Version: 0.3-a-40-ge99b1a8
     0 | D:1      | 0 ||| qw: Game counter: 49
     0 | D:1      | 0 ||| qw: Melee chars always use a shield: true
     0 | D:1      | 0 ||| qw: God list: Okawaru
     0 | D:1      | 0 ||| qw: Allow faded altars: false
     0 | D:1      | 0 ||| qw: Do Orc after clearing Dungeon:15 true
     0 | D:1      | 0 ||| qw: Do second Lair branch before Depths: true
     0 | D:1      | 0 ||| qw: Lair rune preference: random
     0 | D:1      | 0 ||| qw: Goals: Normal, Zot:1-4, Slime:5, God:TSO, Crypt,
                  | Tomb, Abyss, Pan, Hells, Win
     0 | D:1      | 0 ||| PLANNING D:1-11
    53 | D:1      | Reached skill level 2 in Axes
    75 | D:1      | Reached XP level 2. HP: 17/19 MP: 2/2
   129 | D:1      | 129 ||| Stepping ~*~*~tactically~*~*~ (hiding).
   130 | D:1      | 130 ||| Stepping ~*~*~tactically~*~*~ (hiding).
   131 | D:1      | 131 ||| Stepping ~*~*~tactically~*~*~ (hiding).
   132 | D:1      | 132 ||| Stepping ~*~*~tactically~*~*~ (hiding).
   133 | D:1      | 133 ||| Stepping ~*~*~tactically~*~*~ (hiding).
   135 | D:1      | 135 ||| Stepping ~*~*~tactically~*~*~ (hiding).
   136 | D:1      | 136 ||| Stepping ~*~*~tactically~*~*~ (hiding).
   137 | D:1      | 137 ||| Stepping ~*~*~tactically~*~*~ (hiding).
   198 | D:1      | Reached skill level 3 in Axes
   236 | D:1      | Reached XP level 3. HP: 17/23 MP: 3/3
   251 | D:1      | 251 ||| FLEEEEING.
   305 | D:1      | Found a faded altar of an unknown god.
   321 | D:1      | 321 ||| Stepping ~*~*~tactically~*~*~ (stealth).
   324 | D:1      | 324 ||| Stepping ~*~*~tactically~*~*~ (hiding).
   325 | D:1      | 325 ||| Stepping ~*~*~tactically~*~*~ (hiding).
   434 | D:1      | 434 ||| DROPPING +0 whip.
   927 | D:1      | 927 ||| DROPPING scarf of shadows.
   928 | D:1      | 928 ||| READING 2 scrolls labelled TOETTA RES QOA.
   931 | D:1      | 931 ||| READING scroll labelled ZITHRONW QYIHET.
   932 | D:1      | 932 ||| READING scroll labelled COSENO HUJUTEY.
   947 | D:2      | 947 ||| STAIRDANCE
  1070 | D:2      | Found Vixiesch's Antique Armour Shop.
  1089 | D:2      | Reached XP level 4. HP: 28/28 MP: 4/4
  1179 | D:2      | 1179 ||| SHOPLISTING chain mail (103 gold, have 30).
  1179 | D:2      | 1179 ||| SHOPLISTING dazzling ring mail (207 gold, have
                  | 30).
  1179 | D:2      | 1179 ||| SHOPLISTING glowing orb (276 gold, have 30).
  1180 | D:2      | Found Xusudwi's Magic Scroll Boutique.
  1191 | D:2      | 1191 ||| SHOPLISTING scroll of enchant armour (75 gold,
                  | have 30).
  1191 | D:2      | 1191 ||| BUYING scroll of teleportation (30 gold).
  1191 | D:2      | Bought a scroll of teleportation for 30 gold pieces
  1276 | D:2      | Reached skill level 4 in Axes
  1417 | D:2      | 1417 ||| Stepping ~*~*~tactically~*~*~ (stealth).
  1671 | D:2      | 1671 ||| UPGRADING to +1 pair of boots.
  1676 | D:2      | 1676 ||| DROPPING scarf of shadows.
  1677 | D:2      | 1677 ||| UPGRADING to +0 helmet.
  1682 | D:2      | 1682 ||| READING scroll labelled NULEOBR MAXUOG.
  1683 | D:2      | 1683 ||| READING scroll labelled VIDWOAZUUC.
  1684 | D:2      | 1684 ||| READING scroll labelled ONUCKI TEWOCH.
  1685 | D:2      | 1685 ||| READING scroll labelled ALITON TOERONLO.
  2077 | D:3      | 2077 ||| Stepping ~*~*~tactically~*~*~ (stealth).
  2122 | D:3      | Reached XP level 5. HP: 32/32 MP: 5/5
  2557 | D:3      | 2557 ||| UPGRADING to +1 helmet.
  2567 | D:3      | 2567 ||| DROPPING +0 helmet.
  2568 | D:3      | 2568 ||| UPGRADING to +6 ring of dexterity.
  2569 | D:3      | 2569 ||| READING scroll labelled YZIR XOOTOES.
  2570 | D:3      | 2570 ||| READING 3 scrolls labelled OJYATI VUNKARU.
  2593 | D:3      | 2593 ||| DROPPING 2 scrolls of torment.
  2641 | D:4      | 2641 ||| Stepping ~*~*~tactically~*~*~ (stealth).
  2643 | D:4      | 2643 ||| Stepping ~*~*~tactically~*~*~ (stealth).
  2644 | D:4      | 2644 ||| Stepping ~*~*~tactically~*~*~ (stealth).
  2662 | D:4      | Found a staircase to the Ecumenical Temple.
  2663 | D:4      | 2663 ||| PLANNING TEMPLE
  2663 | D:4      | 2663 ||| UPGRADING to +0 chain mail.
  2673 | D:4      | 2673 ||| DROPPING +0 scale mail.
  2674 | D:4      | 2674 ||| DROPPING +2 leather armour of fire resistance.
  2683 | Temple   | Entered the Ecumenical Temple
  2683 | Temple   | Found a transporter.
  2683 | Temple   | Found a transporter.
  2685 | Temple   | Found a transporter.
  2685 | Temple   | Found a transporter.
  2695 | Temple   | 2695 ||| PLANNING D:1-11
  2710 | Temple   | 2710 ||| PLANNING OKAWARU WORSHIP
  2713 | Temple   | Became a worshipper of Warmaster Okawaru
  2714 | Temple   | 2714 ||| PLANNING D:1-11
  2808 | D:4      | Found Byasif Feab's Self-Improvement Boutique.
  2819 | D:4      | 2819 ||| DRINKING 2 green potions.
  2853 | D:4      | Reached skill level 1 in Dodging
  2963 | D:4      | 2963 ||| Stepping ~*~*~tactically~*~*~ (stealth).
  2965 | D:4      | 2965 ||| Stepping ~*~*~tactically~*~*~ (stealth).
  2966 | D:4      | 2966 ||| Stepping ~*~*~tactically~*~*~ (stealth).
  2971 | D:4      | 2971 ||| Stepping ~*~*~tactically~*~*~ (stealth).
  3016 | D:4      | Reached skill level 5 in Axes
  3016 | D:4      | Reached XP level 6. HP: 33/37 MP: 6/6
  3172 | D:4      | 3172 ||| Stepping ~*~*~tactically~*~*~ (hiding).
  3370 | D:4      | 3370 ||| Stepping ~*~*~tactically~*~*~ (stealth).
  3371 | D:4      | 3371 ||| Stepping ~*~*~tactically~*~*~ (stealth).
  3418 | D:4      | Noticed a black bear
  3424 | D:4      | Killed a black bear
  3424 | D:4      | Reached * piety under Okawaru
  3425 | D:4      | Reached skill level 6 in Axes
  3425 | D:4      | Reached XP level 7. HP: 42/43 MP: 7/7
  3428 | D:4      | 3428 ||| DROPPING +0 mace.
  3577 | D:4      | 3577 ||| Stepping ~*~*~tactically~*~*~ (stealth).
  3582 | D:4      | 3582 ||| Stepping ~*~*~tactically~*~*~ (stealth).
  3832 | D:4      | Found a runed translucent door.
  3833 | D:4      | Noticed Crazy Yiuf
  4138 | D:4      | 4138 ||| DRINKING 4 silvery potions.
  4139 | D:4      | 4139 ||| READING 2 scrolls of identify.
  4139 | D:4      | 4139 ||| IDENTIFYING lumpy red potion
  4140 | D:4      | 4140 ||| DROPPING potion of brilliance.
  4155 | D:5      | Entered Level 5 of the Dungeon
  4190 | D:5      | Reached skill level 1 in Invocations
  4208 | D:5      | 4208 ||| Stepping ~*~*~tactically~*~*~ (stealth).
  4365 | D:5      | Found Irrut's Distillery.
  4386 | D:5      | 4386 ||| BUYING potion of attraction (36 gold).
  4386 | D:5      | Bought a potion of attraction for 36 gold pieces
  4386 | D:5      | 4386 ||| BUYING potion of cancellation (96 gold).
  4386 | D:5      | Bought a potion of cancellation for 96 gold pieces
  4386 | D:5      | 4386 ||| SHOPLISTING potion of curing (36 gold, have 1).
  4386 | D:5      | 4386 ||| SHOPLISTING potion of enlightenment (60 gold, have
                  | 1).
  4386 | D:5      | 4386 ||| SHOPLISTING potion of mutation (96 gold, have 1).
  4386 | D:5      | 4386 ||| SHOPLISTING potion of resistance (120 gold, have
                  | 1).
  4389 | D:5      | 4389 ||| Stepping ~*~*~tactically~*~*~ (hiding).
  4391 | D:5      | 4391 ||| Stepping ~*~*~tactically~*~*~ (hiding).
  4476 | D:5      | 4476 ||| Stepping ~*~*~tactically~*~*~ (stealth).
  4477 | D:5      | 4477 ||| Stepping ~*~*~tactically~*~*~ (stealth).
  4523 | D:5      | Reached skill level 3 in Invocations
  4530 | D:5      | 4530 ||| INVOKING Heroism.
  4880 | D:5      | 4880 ||| INVOKING Heroism.
  4882 | D:5      | Reached skill level 7 in Axes
  4882 | D:5      | Reached XP level 8. HP: 30/48 MP: 7/10
  5086 | D:5      | 5086 ||| DROPPING +0 heavy mace.
  5108 | D:5      | Noticed Duvessa
  5108 | D:5      | Noticed Dowan
  5109 | D:5      | 5109 ||| INVOKING Heroism.
  5113 | D:5      | Killed Dowan
  5120 | D:5      | Killed Duvessa
  5151 | D:5      | 5151 ||| DRINKING 2 grey potions.
  5151 | D:5      | Gained mutation: Your muscles are strong. (Str +4, Int/Dex
                  | -1) [potion of mutation]
  5169 | D:6      | 5169 ||| Stepping ~*~*~tactically~*~*~ (hiding).
  5175 | D:6      | Reached ** piety under Okawaru
  5176 | D:6      | 5176 ||| STAIRDANCE
  5204 | D:6      | 5204 ||| INVOKING Heroism.
  5214 | D:6      | Reached skill level 8 in Axes
  5226 | D:6      | 5226 ||| INVOKING Heroism.
  5361 | D:6      | 5361 ||| Stepping ~*~*~tactically~*~*~ (stealth).
  5363 | D:6      | 5363 ||| INVOKING Heroism.
  5368 | D:6      | Reached skill level 1 in Throwing
  5368 | D:6      | Reached XP level 9. HP: 50/55 MP: 9/12
  5428 | D:6      | 5428 ||| Stepping ~*~*~tactically~*~*~ (stealth).
  5429 | D:6      | 5429 ||| Stepping ~*~*~tactically~*~*~ (stealth).
  5509 | D:6      | Reached skill level 6 in Fighting
  5576 | D:6      | 5576 ||| Stepping ~*~*~tactically~*~*~ (stealth).
  5579 | D:6      | 5579 ||| Stepping ~*~*~tactically~*~*~ (hiding).
  5789 | D:6      | Noticed Eustachio
  5790 | D:6      | 5790 ||| INVOKING Heroism.
  5795 | D:6      | Killed Eustachio
  6051 | D:6      | 6051 ||| DROPPING +1 helmet.
  6052 | D:6      | 6052 ||| DRINKING 2 red potions.
  6053 | D:6      | 6053 ||| READING 2 scrolls of identify.
  6053 | D:6      | 6053 ||| IDENTIFYING ruby potion
  6086 | D:7      | 6086 ||| INVOKING Heroism.
  6090 | D:7      | Noticed Joseph
  6113 | D:7      | Killed Joseph
  6114 | D:7      | Reached skill level 9 in Axes
  6189 | D:7      | Found a basalt altar of Yredelemnul.
  6234 | D:7      | Found a radiant altar of Vehumet.
  6273 | D:7      | 6273 ||| INVOKING Heroism.
  6290 | D:7      | Noticed Prince Ribbit
  6291 | D:7      | 6291 ||| INVOKING Heroism.
  6304 | D:7      | Killed Prince Ribbit
  6304 | D:7      | Reached *** piety under Okawaru
  6448 | D:7      | 6448 ||| Stepping ~*~*~tactically~*~*~ (stealth).
  6452 | D:7      | 6452 ||| DROPPING +0 flail.
  6460 | D:7      | 6460 ||| Stepping ~*~*~tactically~*~*~ (stealth).
  6467 | D:7      | 6467 ||| FLEEEEING.
  6468 | D:7      | 6468 ||| FLEEEEING.
  6469 | D:7      | 6469 ||| FLEEEEING.
  6470 | D:7      | 6470 ||| FLEEEEING.
  6471 | D:7      | 6471 ||| STAIRDANCE
  6504 | D:7      | 6504 ||| STAIRDANCE
  6511 | D:6      | 6511 ||| INVOKING Heroism.
  6514 | D:6      | Reached XP level 10. HP: 43/63 MP: 10/13
  6584 | D:6      | 6584 ||| DROPPING +0 heavy flail.
  6588 | D:6      | 6588 ||| SWAPPING to +3 war axe.
  6589 | D:6      | 6589 ||| DROPPING +0 war axe.
  6593 | D:7      | 6593 ||| STAIRDANCE
  6597 | D:6      | 6597 ||| INVOKING Heroism.
  6663 | D:6      | 6663 ||| READING 2 scrolls of identify.
  6663 | D:6      | 6663 ||| IDENTIFYING murky pink potion
  6795 | D:7      | Found a sacrificial altar of Ru.
  6828 | D:7      | Noticed a two-headed ogre
  6830 | D:7      | 6830 ||| INVOKING Heroism.
  6843 | D:7      | HP: 6/63 [two-headed ogre/+0 giant spiked club (11)]
  6844 | D:7      | 6844 ||| READING 5 scrolls of teleportation.
  6846 | D:7      | Killed a two-headed ogre
  6847 | D:7      | Reached skill level 10 in Axes
  7054 | D:7      | Noticed Maggie
  7065 | D:7      | 7065 ||| INVOKING Heroism.
  7067 | D:7      | Killed Maggie
  7158 | D:8      | 7158 ||| STAIRDANCE
  7162 | D:7      | 7162 ||| INVOKING Heroism.
  7303 | D:8      | Reached **** piety under Okawaru
  7483 | D:8      | 7483 ||| DROPPING +0 morningstar.
  7563 | D:8      | 7563 ||| Stepping ~*~*~tactically~*~*~ (stealth).
  7565 | D:8      | 7565 ||| INVOKING Heroism.
  7666 | D:8      | Found a stormy altar of Qazlal.
  7669 | D:8      | 7669 ||| INVOKING Heroism.
  7895 | D:8      | Found Mapsop's Assorted Antiques.
  7900 | D:8      | 7900 ||| BUYING blackened wooden wand (108 gold).
  7900 | D:8      | Bought a blackened wooden wand for 108 gold pieces
  7900 | D:8      | 7900 ||| SHOPLISTING potion of mutation (216 gold, have
                  | 139).
  7900 | D:8      | 7900 ||| BUYING scroll labelled CACURI ITAUBU (27 gold).
  7900 | D:8      | Bought a scroll labelled CACURI ITAUBU for 27 gold pieces
  7900 | D:8      | 7900 ||| BUYING scroll of identify (54 gold).
  7900 | D:8      | Bought a scroll of identify for 54 gold pieces
  8029 | D:8      | 8029 ||| Stepping ~*~*~tactically~*~*~ (hiding).
  8035 | D:8      | Reached skill level 11 in Axes
  8041 | D:8      | 8041 ||| Stepping ~*~*~tactically~*~*~ (hiding).
  8248 | D:8      | Found a shadowy altar of Dithmenos.
  8311 | D:8      | 8311 ||| UPGRADING to +0 plate armour.
  8321 | D:8      | 8321 ||| DROPPING +0 chain mail.
  8322 | D:8      | 8322 ||| READING scroll labelled CACURI ITAUBU.
  8423 | D:8      | 8423 ||| READING 2 scrolls of identify.
  8423 | D:8      | 8423 ||| IDENTIFYING bubbling yellow potion
  8424 | D:8      | 8424 ||| DROPPING wand of paralysis (7).
  8471 | D:9      | 8471 ||| INVOKING Heroism.
  8486 | D:9      | Reached skill level 6 in Armour
  8830 | D:9      | Found a sparkling altar of Nemelex Xobeh.
  8845 | D:9      | 8845 ||| FLEEEEING.
  8846 | D:9      | 8846 ||| FLEEEEING.
  8847 | D:9      | 8847 ||| FLEEEEING.
  8848 | D:9      | 8848 ||| FLEEEEING.
  8850 | D:9      | 8850 ||| FLEEEEING.
  8851 | D:9      | 8851 ||| FLEEEEING.
  8852 | D:9      | 8852 ||| FLEEEEING.
  8854 | D:9      | 8854 ||| STAIRDANCE
  8858 | D:8      | Reached XP level 11. HP: 56/68 MP: 13/15
  8908 | D:9      | Found an ancient bone altar of Kikubaaqudgha.
  9233 | D:9      | 9233 ||| Stepping ~*~*~tactically~*~*~ (stealth).
  9264 | D:9      | 9264 ||| Stepping ~*~*~tactically~*~*~ (hiding).
  9269 | D:9      | 9269 ||| INVOKING Heroism.
  9310 | D:9      | 9310 ||| Stepping ~*~*~tactically~*~*~ (stealth).
  9311 | D:9      | 9311 ||| FLEEEEING.
  9313 | D:9      | 9313 ||| INVOKING Heroism.
  9320 | D:9      | 9320 ||| FLEEEEING.
  9321 | D:9      | 9321 ||| FLEEEEING.
  9322 | D:9      | 9322 ||| FLEEEEING.
  9323 | D:9      | 9323 ||| FLEEEEING.
  9324 | D:9      | 9324 ||| FLEEEEING.
  9325 | D:9      | 9325 ||| FLEEEEING.
  9326 | D:9      | 9326 ||| FLEEEEING.
  9329 | D:9      | 9329 ||| FLEEEEING.
  9330 | D:9      | 9330 ||| FLEEEEING.
  9331 | D:9      | 9331 ||| FLEEEEING.
  9332 | D:9      | 9332 ||| FLEEEEING.
  9336 | D:9      | 9336 ||| FLEEEEING.
  9337 | D:9      | 9337 ||| FLEEEEING.
  9338 | D:9      | 9338 ||| FLEEEEING.
  9339 | D:9      | 9339 ||| FLEEEEING.
  9346 | D:9      | 9346 ||| FLEEEEING.
  9352 | D:9      | 9352 ||| FLEEEEING.
  9353 | D:9      | 9353 ||| FLEEEEING.
  9354 | D:9      | 9354 ||| FLEEEEING.
  9355 | D:9      | 9355 ||| FLEEEEING.
  9356 | D:9      | 9356 ||| FLEEEEING.
  9357 | D:9      | 9357 ||| FLEEEEING.
  9358 | D:9      | 9358 ||| STAIRDANCE
  9450 | D:8      | 9450 ||| READING scroll labelled GUTREARHOR.
  9451 | D:8      | 9451 ||| READING 3 scrolls of identify.
  9451 | D:8      | 9451 ||| IDENTIFYING viscous puce potion
  9455 | D:9      | 9455 ||| INVOKING Heroism.
  9460 | D:9      | HP: 16/69 [molten gargoyle/bolt of magma (25)]
  9461 | D:9      | 9461 ||| READING 5 scrolls of teleportation.
  9462 | D:9      | 9462 ||| DRINKING potion of heal wounds.
  9789 | D:9      | 9789 ||| Stepping ~*~*~tactically~*~*~ (stealth).
  9790 | D:9      | 9790 ||| Stepping ~*~*~tactically~*~*~ (stealth).
  9792 | D:9      | 9792 ||| Stepping ~*~*~tactically~*~*~ (stealth).
  9804 | D:9      | Reached skill level 6 in Invocations
  9806 | D:9      | 9806 ||| INVOKING Heroism.
  9811 | D:9      | HP: 11/69 [molten gargoyle/+0 morningstar (9)]
  9812 | D:9      | 9812 ||| READING 4 scrolls of teleportation.
  9812 | D:9      | HP: 2/69 [molten gargoyle/bolt of magma (9)]
  9814 | D:9      | Mangled by a molten gargoyle

Levels and vault maps discovered:
D:1:      nzn_arrival_settlement, layout_basic,
          hellmonk_ecumenical_altar_blasted
D:2:      layout_basic, serial_shops, shop, shop
D:3:      layout_loops_corners
D:4:      layout_layer_cave, minmay_temple_entry_tees, dk_vineyard_3,
          nicolae_shop_self_help, uniq_crazy_yiuf_cottage
D:5:      dreamdust_elfheim, layout_gridville, serial_shops,
          nicolae_shop_advertising_works [nicolae_subvault_shop_adworks],
          chequers_decorated_corner, st_stairs_12
D:6:      layout_loops_cross, uniq_eustachio
D:7:      layout_cave_pools, mainiacjoe_overflow_cross_hatched,
          yredelemnul_altar_generic, mainiacjoe_overflow_concentric_impassable,
          uniq_prince_ribbit1, uniq_maggie, uniq_joseph
D:8:      layout_basic, marbit_many_paths, kennysheep_mini_moat, serial_shops,
          nicolae_shop_dealshenge
D:9:      layout_grid_maze, grunt_temple_overflow_open, nicolae_sextant,
          minivault_8
Temple:   hellmonk_temple_divided_pantheon

Skill      XL: |  1  2  3  4  5  6  7  8  9 10 11 |
---------------+----------------------------------+-----
Axes           | 2 3 4 5 6 7 8 9 11 | 11.0
Dodging        | 1 2 |  2.4
Fighting       | 4 5 7 8 |  8.8
Invocations    | 3 4 5 6 |  6.0
Armour         | 4 5 6 7 |  7.1
Throwing       | 1 |  1.2
Shields        | 4 5 |  5.2

Action                     |  1- 3 |  4- 6 |  7- 9 | 10-12 || total
---------------------------+-------+-------+-------+-------++-------
  Melee: War axe           |    89 |   153 |   241 |   152 ||   635
  Throw: Javelin           |       |    26 |       |       ||    26
         Boomerang         |       |       |    15 |    35 ||    50
 Invoke: Heroism           |       |       |    11 |    11 ||    22
    Use: Scroll            |     3 |     6 |     2 |     8 ||    19
         Potion            |       |     1 |     3 |     1 ||     5
 Armour: Scale mail        |    45 |    55 |       |       ||   100
         Chain mail        |       |    28 |   156 |    31 ||   215
         Plate armour      |       |       |       |    19 ||    19
  Dodge: Dodged            |    43 |    71 |   132 |    41 ||   287
  Block: Buckler           |    17 |    27 |    64 |    28 ||   136

Table legend:
 A = Non-vault XP
 B = Vault XP
 C = Vault XP percentage of total XP
 D = Non-vault monster count
 E = Vault monster count
 F = Vault count percentage of total count
                 A         B        C        D         E       F
            +---------+---------+-------+---------+---------+-------
      Total |    7464 |    3135 |  29.6 |     206 |      11 |   5.1
            +---------+---------+-------+---------+---------+-------
        D:1 |      58 |       0 |   0.0 |      32 |       0 |   0.0
        D:2 |      75 |       0 |   0.0 |      20 |       0 |   0.0
        D:3 |      40 |       0 |   0.0 |      16 |       0 |   0.0
        D:4 |     532 |       0 |   0.0 |      26 |       0 |   0.0
        D:5 |     758 |     309 |  29.0 |      22 |       3 |  12.0
        D:6 |    1025 |     185 |  15.3 |      25 |       1 |   3.8
        D:7 |    2671 |    1145 |  30.0 |      25 |       3 |  10.7
        D:8 |    1235 |     187 |  13.2 |      21 |       1 |   4.5
        D:9 |    1070 |    1309 |  55.0 |      19 |       3 |  13.6
            +---------+---------+-------+---------+---------+-------
